Map: [ESL] Alcyone

Players

ShoWTimE

  • Race: Protoss Protoss
  • Spawn Location: 1:00

Spirit - Winner!

  • Race: Terran Terran
  • Spawn Location: 7:00

Event: ESL SC2 Masters 2024 Spring (Regional)

VOD

Have the link to the VOD?

Description

Time

  • Played on: April 28, 2024, 11:38 a.m.
  • Length: 10:04

All games in this series

Show
View Real Time Build Order
Export as new Build Order

ShoWTimE Protoss 

Build Orders: 1 Gate Expand, Oracle Opening 

Get SALT Encoding   

  12  0:00  Probe  
  13  0:12  Probe  
  14  0:18  Pylon  
  14  0:24  Probe  
  15  0:35  Gateway  
  15  0:36  Probe (Chrono Boost)  
  16  0:46  Probe (Chrono Boost)  
  16  0:48  Assimilator  
  17  0:51  Probe (Chrono Boost)  
  18  1:03  Probe  
  19  1:15  Probe  
  20  1:22  Cybernetics Core  
  20  1:33  Nexus  
  20  1:40  Pylon  
  20  1:42  Probe  
  21  1:49  Assimilator  
  21  1:55  Probe  
  21  1:56  Adept (Chrono Boost)  
  24  2:07  Probe  
  25  2:16  Adept (Chrono Boost)  
  25  2:19  Probe  
  28  2:25  Stargate  
  28  2:31  Probe  
  28  2:33  Warp Gate  
  29  2:38  Adept  
  31  2:44  Probe (Chrono Boost)  
  31  2:50  Probe (Chrono Boost)  
  33  2:54  Probe (Chrono Boost)  
  33  2:58  Probe (Chrono Boost)  
  35  2:59  Probe (Chrono Boost)  
  35  3:05  Oracle (Chrono Boost)  
  36  3:08  Probe  
  36  3:11  Pylon, Probe  
  41  3:17  Adept  
  43  3:20  Probe  
  43  3:23  Probe  
  43  3:25  Gateway  
  45  3:33  Probe  
  46  3:35  Probe  
  49  3:42  Pylon  
  49  3:45  Probe  
  49  3:47  Probe  
  49  3:50  Gateway  
  49  3:51  Twilight Council  
  49  3:53  Assimilator  
  49  3:57  Probe  
  49  3:59  Probe  
  49  4:02  Pylon  
  51  4:04  Shield Battery  
  51  4:09  Probe  
  49  4:14  Probe  
  50  4:19  Blink (Chrono Boost)  
  50  4:22  Stalker x2  
  54  4:24  Probe  
  54  4:29  Pylon  
  55  4:34  Nexus  
  55  4:44  Stalker  
  55  4:45  Stalker  
  59  4:46  Stalker  
  61  4:53  Pylon  
  61  4:56  Probe  
  61  4:57  Probe  
  59  5:08  Stalker x2, Probe  
  59  5:11  Stalker  
  59  5:13  Probe  
  65  5:20  Probe  
  62  5:23  Pylon  
  58  5:29  Probe  
  58  5:31  Stalker x2  
  58  5:33  Probe  
  63  5:37  Stalker  
  65  5:43  Probe  
  65  5:46  Probe  
  65  5:48  Probe  
  67  5:59  Probe  
  67  6:04  Stalker x3  
  74  6:05  Probe  
  74  6:09  Phoenix (Chrono Boost)  
  76  6:12  Probe  
  76  6:16  Probe  
  76  6:17  Charge (Chrono Boost)  
  78  6:18  Unknown  
  78  6:22  Probe  
  78  6:24  Pylon  
  79  6:25  Probe  
  79  6:26  Forge  
  79  6:31  Shield Battery  
  80  6:36  Probe  
  80  6:37  Gateway  
  80  6:38  Probe  
  83  6:46  Gateway x2  
  82  6:52  Gateway  
  82  6:56  Pylon  
  82  6:59  Protoss Ground Weapons Level 1 (Chrono Boost)  
  82  7:00  Gateway  
  82  7:05  Probe x3  
  82  7:06  Photon Cannon  
  82  7:08  Pylon  
  85  7:12  Zealot x2, Sentry  
  91  7:25  Pylon  
  91  7:34  Zealot x3  
  91  7:36  Gateway  
  95  7:40  Probe  
  95  7:41  Nexus  
  96  7:45  Zealot x2, Robotics Facility  
  96  7:49  Stalker  
  102  7:53  Stalker  
  102  7:56  Stalker  
  102  7:57  Probe  
  101  7:59  Probe x2  
  103  8:06  Zealot x2  
  103  8:09  Probe  
  103  8:11  Probe  
  103  8:12  Probe  
  108  8:18  Zealot x4  
  112  8:23  Pylon, Probe  
  113  8:31  Observer  
  113  8:33  Zealot x5  
  123  8:38  Pylon  
  123  8:40  Zealot x2  
  128  8:43  Zealot  
  128  8:46  Zealot  
  132  8:53  Zealot  
  132  8:54  Zealot x2  
  114  8:57  Zealot x2  
  114  9:02  Zealot x2  
  92  9:03  Sentry  
  92  9:09  Sentry  
  84  9:14  Zealot, Sentry  
  84  9:15  Zealot  
  90  9:21  Zealot x3  
  90  9:23  Zealot x2  
  100  9:26  Shield Battery  
  100  9:29  Zealot  
  81  9:42  Zealot  
  81  9:43  Zealot x2  
  81  9:44  Shield Battery  
  83  9:49  Zealot x2  
  83  9:50  Sentry x2  
  89  9:54  Sentry x2  
Show
View Real Time Build Order
Export as new Build Order

Spirit Terran - Winner!

Build Orders: Liberator Opening 

Get SALT Encoding   

  12  0:00  SCV  
  13  0:12  SCV  
  14  0:16  Supply Depot  
  14  0:24  SCV  
  15  0:38  SCV  
  15  0:40  Barracks  
  16  0:44  Refinery  
  16  0:50  SCV  
  17  1:02  SCV  
  18  1:14  SCV  
  19  1:27  Orbital Command, Marine  
  20  1:38  Command Center  
  20  1:50  Factory  
  20  1:53  SCV  
  21  2:01  Supply Depot  
  21  2:04  Barracks Reactor  
  21  2:07  SCV  
  22  2:13  Refinery  
  22  2:19  SCV  
  23  2:31  SCV  
  23  2:35  Widow Mine  
  26  2:40  Marine x2  
  26  2:43  SCV, Starport  
  29  2:51  Orbital Command  
  29  2:55  SCV  
  29  2:57  Marine  
  31  2:58  Orbital Command  
  31  3:02  Cyclone  
  33  3:07  Marine  
  34  3:13  SCV  
  34  3:15  Marine  
  36  3:20  Medivac  
  36  3:24  SCV  
  36  3:25  Marine  
  40  3:28  SCV  
  40  3:29  Supply Depot  
  41  3:36  SCV  
  41  3:39  Marine  
  41  3:40  SCV  
  44  3:41  Factory Tech Lab  
  44  3:43  Marine  
  44  3:48  SCV, Supply Depot  
  46  3:51  Cyclone  
  46  3:52  SCV  
  49  3:56  Marine  
  49  3:59  Liberator  
  49  4:00  SCV  
  54  4:06  Supply Depot  
  54  4:10  SCV  
  54  4:11  Supply Depot  
  54  4:12  SCV  
  56  4:19  Marine  
  56  4:23  SCV  
  58  4:24  Barracks x2  
  58  4:29  Cyclone  
  58  4:30  Marine  
  62  4:31  SCV  
  62  4:35  SCV  
  62  4:37  Marine  
  62  4:38  Supply Depot  
  64  4:43  SCV  
  65  4:45  Starport Tech Lab  
  65  4:48  SCV, Marine  
  67  4:54  Marine  
  67  5:00  SCV, Command Center  
  67  5:01  SCV  
  68  5:07  Marine  
  68  5:08  Factory Tech Lab  
  66  5:16  Marine  
  66  5:17  SCV  
  63  5:25  Refinery  
  63  5:26  Barracks Tech Lab x2, Bunker  
  63  5:27  Refinery, Marine  
  63  5:28  Siege Tank  
  66  5:29  SCV  
  66  5:34  Marine  
  67  5:38  Viking  
  67  5:40  SCV  
  66  5:45  SCV  
  66  5:46  Marine x2  
  67  5:50  Stimpack  
  67  5:51  Barracks  
  67  5:52  SCV, Barracks  
  65  5:57  SCV  
  65  6:04  SCV, Siege Tank  
  67  6:07  Marine  
  67  6:09  SCV  
  69  6:14  Marine  
  69  6:15  Orbital Command, Marauder  
  69  6:16  SCV  
  73  6:21  SCV, Combat Shield  
  74  6:28  SCV  
  74  6:29  Engineering Bay, Marine x2  
  77  6:33  SCV  
  77  6:35  Starport Reactor, Supply Depot  
  77  6:39  Barracks Reactor  
  78  6:40  SCV, Barracks Reactor  
  78  6:45  SCV, Supply Depot, Marine x2  
  82  6:48  Siege Tank  
  82  6:49  Marine  
  82  6:50  Marine  
  87  6:57  Supply Depot  
  87  6:59  Terran Infantry Weapons Level 1  
  87  7:02  Marine  
  87  7:03  Marine  
  87  7:04  Supply Depot  
  87  7:06  Supply Depot  
  87  7:07  Marine  
  90  7:10  SCV  
  90  7:11  SCV  
  90  7:14  Marine  
  93  7:17  Medivac x2  
  93  7:20  Siege Tank, Marine x6  
  105  7:25  Marine  
  106  7:32  Marine  
  106  7:37  Marine  
  106  7:38  Marine x5  
  106  7:43  Marine  
  113  7:44  Supply Depot  
  113  7:48  Medivac  
  113  7:49  Marine  
  116  7:52  Siege Tank  
  116  7:55  Marine x4  
  116  7:56  Marine x2  
  125  8:01  Medivac, Marine  
  125  8:04  Orbital Command  
  125  8:07  Marine  
  125  8:13  Marine x4, Orbital Command  
  125  8:14  Marine x2  
  125  8:18  Medivac, Marine  
  134  8:24  Siege Tank  
  134  8:25  Marine  
  138  8:31  Medivac, Marine x4  
  138  8:32  Marine x2  
  136  8:36  Marine  
  137  8:43  Marine  
  138  8:49  Medivac, Marine x6  
  138  8:54  Marine  
  131  9:01  Medivac, Marine  
  120  9:07  Marine x6  
  121  9:10  Siege Tank  
  121  9:11  SCV  
  121  9:12  Marine  
  123  9:17  SCV x2  
  123  9:19  Medivac, Marine  
  127  9:24  Marine x4  
  127  9:25  Marine x2  
  127  9:30  Marine  
  133  9:36  Marine  
  128  9:42  Marine x4  
  128  9:43  Marine x2  
  139  10:02  Ghost Academy  
Tags
 
Add a new tag
Caveats
  • Supply blocks, unpowered buildings, or Contaminate may cause inaccurate times.
  • Supply counts are checked every 10 seconds.